 Dungeon Crawl Stone Soup version 0.28-a0-312-gbced6e68ee (webtiles) character file.

Game seed: 203189193106287251

1091 Demosthentine the Spear-Bearer (level 8, -4/63 HPs)
             Began as a Merfolk Gladiator on Aug 30, 2021.
             Slain by a yak (11 damage)
             ... on level 4 of the Dungeon on Aug 31, 2021.
             The game lasted 00:05:20 (3045 turns).

Demosthentine the Spear-Bearer (Merfolk Gladiator)  Turns: 3045, Time: 00:05:21

Health: -4/63      AC:  5    Str: 16    XL:     8   Next: 31%
Magic:  8/8        EV: 15    Int:  8    God:
Gold:   82         SH:  0    Dex: 15    Spells: 7/7 levels left

rFire   . . .      SeeInvis .   a - +0 trident
rCold   . . .      Faith    .   (no shield)
rNeg    . . .      Spirit   .   b - +0 leather armour
rPois   .          Reflect  .   c - +0 helmet
rElec   .          Harm     .   j - +0 cloak
rCorr   .          Rampage  .   (no gloves)
Will    .....                   (no boots)
Stlth   +.........              i - amulet of regeneration
HPRegen 1.20/turn               (no ring)
MPRegen 0.11/turn               (no ring)

@: no status effects
A: (nimble swimmer 2), mertail
a: no special abilities


You were on level 4 of the Dungeon.
You visited 1 branch of the dungeon, and saw 4 of its levels.

You collected 82 gold pieces.

Inventory:

Hand Weapons
 a - a +0 trident (weapon)
Armour
 b - a +0 leather armour (worn)
 c - a +0 helmet (worn)
 j - a +0 cloak (worn)
Jewellery
 e - a +6 ring of intelligence
 i - an amulet of regeneration (around neck)
Scrolls
 f - a scroll of magic mapping
 g - 4 scrolls of identify
 h - 2 scrolls of teleportation
 l - a scroll of amnesia


   Skills:
 + Level 5.6 Fighting
 + Level 8.1 Polearms
 - Level 2.0 Throwing
 + Level 3.3 Armour
 + Level 7.4 Dodging


You had 7 spell levels left.
You didn't know any spells.
Your spell library contained the following spells:

 Spells                   Type           Power      Damage    Failure   Level
 Gell's Gravitas          Tloc           0%         N/A       83%         3
 Lesser Beckoning         Tloc           0%         N/A       83%         3
 Teleport Other           Tloc           0%         N/A       83%         3


Dungeon Overview and Level Annotations

Branches:
Dungeon (4/15)
 Temple: D:4-7

Altars:
Sif Muna
Wu Jian
Xom


Innate Abilities, Weirdness & Mutations

((You are quick and stealthy near water. (Stealth+, EV+, Speed+++)))
Your lower body shifts to a powerful aquatic tail in water.


Message History

* * * LOW HITPOINT WARNING * * *
You hit the yak.
The yak is moderately wounded.
The yak gores you but does no damage.
You completely miss the yak.
The yak is moderately wounded.
The yak misses you.
You hit the yak but do no damage.
The yak is moderately wounded.
The yak gores you but does no damage.
You hit the yak but do no damage.
The yak is moderately wounded.
The yak gores you but does no damage.
You hit the yak.
The yak is moderately wounded.
The yak completely misses you.
You puncture the yak!
The yak is heavily wounded.
The yak barely misses you.
You hit the yak.
The yak is heavily wounded.
The yak gores you!
* * * LOW HITPOINT WARNING * * *
You puncture the yak!
The yak is almost dead.
The yak completely misses you.
You hit the yak.
The yak is almost dead.
You closely miss the yak.
The yak is almost dead.
The yak gores you.
* * * LOW HITPOINT WARNING * * *
You barely miss the yak.
The yak is almost dead.
The yak gores you.
* * * LOW HITPOINT WARNING * * *
You barely miss the yak.
The yak is almost dead.
The yak gores you!
You die...

# #. ####.######
#.###.##.........##.
...........>.# ....
#####...#.##(?##..###
......#...##..#......
##.$.####.Y....... ##.##
###.##.##.### #Y#
#...........# .. #@#
#Y#.##....... ...#
#.####.#..#.....[. #..#.
#..Y...#.#........ #....
##.....#.##....... ##...#
##..###...##.......
......##...'.#...##.......
#.....###.###...#......
###...#.....#.##.......
#.....###.###..........


You could see a yak.

Vanquished Creatures
  Sigmund (D:3)
  4 yaks (D:4)
  A hound (D:3)
  Crazy Yiuf (D:3)
  A centaur skeleton (D:4)
  An iguana (D:3)
  5 orc wizards (D:4)
  3 gnolls (D:3)
  2 adders (D:2)
  2 worms (D:2)
  3 dart slugs
  3 orcs
  9 endoplasms
  6 giant cockroaches
  7 goblins
  6 hobgoblins
  2 jackals (D:1)
  6 quokkas
  3 ball pythons
  9 bats
  5 frilled lizards
  4 kobolds
  9 rats
93 creatures vanquished.

Notes
Turn   | Place    | Note
-------+----------+-------------------------------------------
     0 | D:1      | Demosthentine the Merfolk Gladiator began the quest for the
                  | Orb.
     0 | D:1      | Reached XP level 1. HP: 16/16 MP: 1/1
   275 | D:1      | Reached XP level 2. HP: 23/23 MP: 2/2
   892 | D:2      | Reached XP level 3. HP: 20/28 MP: 3/3
  1115 | D:2      | Reached skill level 5 in Polearms
  1115 | D:2      | Reached skill level 1 in Armour
  1165 | D:2      | Found an ornate altar of the Wu Jian Council.
  1221 | D:2      | Reached XP level 4. HP: 25/35 MP: 4/4
  1635 | D:2      | Found a faded altar of an unknown god.
  1781 | D:3      | Reached skill level 5 in Dodging
  1863 | D:3      | Found a shimmering blue altar of Sif Muna.
  1864 | D:3      | Noticed Sigmund
  2125 | D:3      | Killed Sigmund
  2126 | D:3      | Reached skill level 6 in Polearms
  2126 | D:3      | Reached XP level 5. HP: 41/42 MP: 5/5
  2126 | D:3      | Reached XP level 6. HP: 47/48 MP: 6/6
  2218 | D:3      | Found a runed translucent door.
  2219 | D:3      | Noticed Crazy Yiuf
  2360 | D:3      | Found a shimmering altar of Xom.
  2540 | D:3      | Found Ydwa's General Store.
  2688 | D:3      | Killed Crazy Yiuf
  2837 | D:4      | Noticed a yak
  2838 | D:4      | Noticed a yak
  2838 | D:4      | Noticed a yak
  2839 | D:4      | Noticed a yak
  2840 | D:4      | Noticed a yak
  2881 | D:4      | Reached XP level 7. HP: 52/55 MP: 7/7
  2970 | D:4      | Killed a yak
  2971 | D:4      | Reached skill level 7 in Polearms
  2983 | D:4      | Killed a yak
  2984 | D:4      | Reached skill level 5 in Fighting
  2994 | D:4      | HP: 2/56 [yak (9)]
  2995 | D:4      | Killed a yak
  2996 | D:4      | Reached XP level 8. HP: 4/62 MP: 8/8
  3028 | D:4      | Killed a yak
  3029 | D:4      | Reached skill level 8 in Polearms
  3045 | D:4      | Slain by a yak

Illustrated notes

Levels and vault maps discovered:
D:1:      saegor_arrival_simple_a, layout_basic, grunt_decor_arrowhead,
          hangedman_glass_teeth
D:2:      minmay_inner_zag, layout_basic, basic_altar,
          ebering_ecumenical_altar_hall, minmay_octomino_c4
D:3:      layout_loops_cross, mainiacjoe_overflow_alcove_1,
          mainiacjoe_overflow_concentric_impassable, serial_shops, shop,
          uniq_sigmund, uniq_crazy_yiuf_cottage
D:4:      layout_loops_ring, minmay_temple_entry_tees,
          minmay_a_box_with_orc_wizards_in_it, uniq_duvessa

Skill      XL: |  1  2  3  4  5  6  7  8 |
---------------+-------------------------+-----
Polearms       | 5 6 7 8 |  8.1
Armour         | 1 2 3 |  3.3
Fighting       | 3 4 5 |  5.6
Dodging        | 5 6 7 |  7.4
Throwing       | |  2.0

Action                   |  1- 3 |  4- 6 |  7- 9 || total
-------------------------+-------+-------+-------++-------
Melee: Trident           |   122 |   149 |    82 ||   353
Throw: Throwing net      |       |     4 |     3 ||     7
  Use: Scroll            |     3 |     5 |       ||     8
       Potion            |       |     2 |     1 ||     3
 Stab: Sleeping          |     4 |     2 |       ||     6
       Held in net/web   |       |     1 |     3 ||     4
       Distracted        |       |     1 |       ||     1
Armor: Leather armour    |    28 |    20 |    13 ||    61
Dodge: Dodged            |    79 |    59 |    23 ||   161

Table legend: (Time is in decaauts)
 A = Elapsed time spent in this place.
 B = Non-inter-level travel time spent in this place.
 C = Inter-level travel time spent in this place.
 D = Time resting spent in this place.
 E = Time spent auto-exploring this place.
 F = Levels seen in this place.
 G = Mean time per level.
                   A        B        C        D        E       F      G
               +--------+--------+--------+--------+--------+-----+--------+
         Total |   3054 |   2979 |     75 |    156 |   2038 |   4 |  763.5 |
       Dungeon |   3054 |   2979 |     75 |    156 |   2038 |   4 |  763.5 |
               +--------+--------+--------+--------+--------+-----+--------+

Top non-repeatable levels by time:
     D:3: 993 daAuts
     D:1: 883 daAuts
     D:2: 868 daAuts
     D:4: 309 daAuts
